 Dungeon Crawl Stone Soup version 0.22.1 (webtiles) character file.

18207 Freyura the Spear-Bearer (level 12, -8/65 HPs)
             Began as a Vine Stalker Gladiator on Sept 17, 2018.
             Was the Champion of the Shining One.
             Mangled by an eight-headed hydra (11 damage)
             ... on level 2 of the Lair of Beasts.
             The game lasted 00:44:37 (8463 turns).

Freyura the Spear-Bearer (Vine Stalker Gladiator)   Turns: 8463, Time: 00:44:39

Health: -8/65      AC:  9    Str: 25    XL:     12   Next: 56%
Magic:  0/19       EV: 14    Int:  8    God:    the Shining One [******]
Gold:   252        SH: 14    Dex: 21    Spells: 11/11 levels left

rFire    + + +     SeeInvis .   a - +1 trident
rCold    + . .     Gourm    .   I - +2 shield of Resistance {rF+ rC+ MR+}
rNeg     + + +     Faith    .   b - +1 leather armour
rPois    +         Spirit   +   c - +2 helmet
rElec    .         Reflect  .   A - scarf {repulsion}
rCorr    .         Harm     .   J - +1 pair of gloves of the Dozen Princes {rPois Str+3}
MR       ++...                  (no boots)
Stlth    +.........             (no amulet)
HPRegen  1.00/turn              w - ring of protection from fire
MPRegen  0.16/turn              y - +5 ring of strength

@: glowing, repel missiles
A: fangs 3, fire resistance 1, regeneration 2, magic shield, antimagic bite, no
potion heal 3, rot immunity
a: Divine Shield, Cleansing Flame, Summon Divine Warrior, Brand Weapon With Holy
Wrath, Renounce Religion


You were on level 2 of the Lair of Beasts.
You worshipped the Shining One.
The Shining One was exalted by your worship.
You were full.

You visited 2 branches of the dungeon, and saw 13 of its levels.
You also visited: Ossuary.

You collected 663 gold pieces.
You spent 411 gold pieces at shops.

Inventory:

Hand Weapons
 a - a +1 trident (weapon)
 M - the +7 broad axe "Beast's Death Toll" {antimagic, rPois MR+ Str+2}
   (You found it on level 1 of the Lair of Beasts)

   It reduces the magical energy of the wielder, and disrupts the spells and
   magical abilities of those hit.
   Natural abilities and divine invocations are not affected.
   It affects your strength (+2).
   It protects you from poison.
   It affects your resistance to hostile enchantments.
Missiles
 d - 3 throwing nets (quivered)
Armour
 b - a +1 leather armour (worn)
 c - a +2 helmet (worn)
 g - a +2 pair of gloves
 j - a +0 cloak
 q - a +0 shield
 A - a scarf of repulsion (worn)
 I - the +2 shield of Resistance (worn) {rF+ rC+ MR+}
   (You bought it in a shop on level 6 of the Dungeon)

   It protects you from fire.
   It protects you from cold.
   It affects your resistance to hostile enchantments.
 J - the +1 pair of gloves of the Dozen Princes (worn) {rPois Str+3}
   (You found it on level 11 of the Dungeon)

   It affects your strength (+3).
   It protects you from poison.
Jewellery
 w - a ring of protection from fire (left hand)
 y - a +5 ring of strength (right hand)
 F - an uncursed ring of ice
 G - an uncursed ring of stealth
Wands
 u - a wand of iceblast (5)
 E - a wand of enslavement (15)
 H - a wand of acid (10)
 L - a wand of polymorph (14)
Scrolls
 e - a scroll of identify
 l - a scroll of fog
 o - 9 scrolls of remove curse
 r - 2 scrolls of teleportation
 D - a scroll of amnesia
 K - 3 scrolls of vulnerability {unknown}
Potions
 h - a potion of curing
 i - 3 potions of berserk rage
 k - a potion of magic
 m - 2 potions of brilliance
 n - 2 potions of haste
 p - a potion of ambrosia {unknown}
 s - 2 potions of might
 t - 3 potions of degeneration {unknown}
 v - 4 potions of lignification {unknown}
 x - a potion of resistance {unknown}
 z - 5 potions of flight {unknown}
 B - 3 potions of agility {unknown}
 C - 2 potions of cancellation {unknown}
Comestibles
 f - 13 rations


   Skills:
 + Level 8.2 Fighting
 * Level 11.5 Polearms
 - Level 1.7 Throwing
 + Level 4.3 Armour
 + Level 5.1 Dodging
 + Level 7.4 Shields
 + Level 8.1 Invocations


You had 11 spell levels left.
You didn't know any spells.
Your spell library contained the following spells:

 Spells                   Type           Power        Failure   Level  Hunger
 Animate Skeleton         Necr           N/A          78%         1    ##.....
 Apportation              Tloc           #.....       78%         1    ##.....
 Beastly Appendage        Tmut           #.....       78%         1    ##.....
 Pain                     Necr           #...         78%         1    ##.....
 Summon Butterflies       Summ           #.......     78%         1    ##.....
 Sticks to Snakes         Tmut           #.......     89%         2    ###....
 Lesser Beckoning         Tloc           #.........   98%         3    ####...
 Regeneration             Chrm/Necr      #.........   98%         3    ####...
 Spider Form              Tmut/Pois      #.........   98%         3    ####...
 Tukima's Dance           Hex            #.......     98%         3    ####...
 Vampiric Draining        Necr           #.........   98%         3    ####...
 Animate Dead             Necr           N/A          100%        4    #####..
 Ice Form                 Ice/Tmut       #.......     100%        4    #####..
 Alistair's Intoxication  Tmut/Pois      #.......     100%        5    ######.
 Blade Hands              Tmut           #.........   100%        5    ######.
 Invisibility             Hex            #.......     100%        6    #######


Dungeon Overview and Level Annotations

Branches:
Dungeon (11/15)            Temple (0/1) D:5            Lair (2/6) D:10
  Swamp: Lair:2-4    Shoals: Lair:2-4     Snake: Lair:2-4    Spider: Lair:2-4
    Orc: D:9-12

Altars:
Ashenzari
Cheibriados
Makhleb
Nemelex Xobeh
Qazlal
Ru
Zin
The Shining One

Shops:
D:6 [


Innate Abilities, Weirdness & Mutations

You have razor-sharp teeth.
You heal very quickly.
When hurt, damage is shared between your health and your magic reserves.
Your bite disrupts and absorbs the magic of your enemies.
Potions cannot restore your health.
You are immune to rotting.
Your flesh is heat resistant. (rF+)


Message History

The eight-headed hydra bites you but does no damage.
The eight-headed hydra bites you.
You block the eight-headed hydra's attack.
The eight-headed hydra bites you but does no damage.
The eight-headed hydra bites you!
* * * LOW HITPOINT WARNING * * *
You block the eight-headed hydra's attack.
The eight-headed hydra bites you.
* * * LOW HITPOINT WARNING * * *
The eight-headed hydra barely misses you.
The blink frog hits you.
* * * LOW HITPOINT WARNING * * *
You hit the eight-headed hydra.
Your bite misses the eight-headed hydra.
The eight-headed hydra is severely wounded.
You block the blink frog's attack. The eight-headed hydra bites you!
* * * LOW HITPOINT WARNING * * *
You block the eight-headed hydra's attack. x2
The eight-headed hydra bites you!
You die...

. ..#..#...P ..
..#..#..## ...
.....#..##
#..###.........
.......†.........
#..#......##.#
#...#P.....#
##D###..P..
#.@........
#.#FP.#.##
##.#...# ####<.#
#..# #..# #...
#.... ##.##.


You could see an eight-headed hydra and a blink frog.

Vanquished Creatures
  Fannar (D:11)
  Erolcha (D:9)
  3 hydras
  3 two-headed ogres
  A tengu warrior (D:10)
  Pikel (D:7)
  An ugly thing (D:11)
  A cyclops (D:11)
  A black mamba (Lair:1)
  The ghost of xpt754 the Slasher, a novice HOFi of Beogh (D:5)
  Psyche (D:10)
  A rime drake (Lair:1)
  2 komodo dragons
  A troll (D:10)
  3 hippogriffs
  2 blink frogs (Lair:2)
  A wyvern (D:8)
  A wraith (D:10)
  7 yaks
  Menkaure (D:4)
  A water moccasin (D:9)
  2 porcupines (Lair:1)
  Duvessa (D:6)
  2 sky beasts
  3 orc warriors
  A black bear (D:9)
  An ice beast (D:9)
  3 phantoms
  4 ogres
  13 centaurs
  2 crocodiles (Lair:1)
  An elf zombie (D:5)
  2 big kobolds (D:8)
  4 bullfrogs
  Dowan (D:6)
  3 elf skeletons (D:5)
  9 scorpions (Ossuary)
  4 wights (D:11)
  10 killer bees
  4 howler monkeys
  A bullfrog zombie (D:10)
  6 crimson imps
  10 hounds
  3 human zombies
  3 jellies (D:6)
  2 centaur skeletons
  6 orc priests
  A bullfrog skeleton (D:7)
  14 orc wizards
  2 iguanas
  6 worker ants
  6 big kobold zombies (Ossuary)
  A hound zombie (D:11)
  3 mummies (Ossuary)
  3 hound skeletons
  A howler monkey zombie (D:6)
  A worker ant zombie (D:8)
  17 adders
  4 gnolls (D:6)
  2 howler monkey skeletons
  4 scorpion zombies (Ossuary)
  2 shadow imps
  2 oozes
  2 adder zombies (D:8)
  An adder skeleton (D:5)
  4 worms
  2 dart slugs
  6 leopard geckos
  38 orcs
  6 bats
  5 giant cockroaches
  A gnoll zombie (Ossuary)
  11 goblins
  6 hobgoblins
  7 jackals
  5 quokkas
  4 ball pythons
  4 frilled lizards
  A giant cockroach zombie (D:5)
  5 goblin zombies (Ossuary)
  3 hobgoblin zombies (Ossuary)
  2 jackal skeletons (D:5)
  12 kobolds
  4 kobold zombies (Ossuary)
  A leopard gecko skeleton (D:4)
  4 orc zombies
  A quokka skeleton (D:8)
  A quokka zombie (D:5)
  3 rats
344 creatures vanquished.

Vanquished Creatures (others)
  A fungus (Lair:1)
  2 plants (D:10)
3 creatures vanquished.

Grand Total: 347 creatures vanquished

Notes
Turn   | Place    | Note
-------+----------+-------------------------------------------
     0 | D:1      | Freyura the Vine Stalker Gladiator began the quest for the
                  | Orb.
     0 | D:1      | Reached XP level 1. HP: 11/11 MP: 2/2
    33 | D:1      | Reached skill level 3 in Polearms
    76 | D:1      | Reached XP level 2. HP: 14/15 MP: 1/3
   745 | D:2      | Reached XP level 3. HP: 14/18 MP: 2/4
   971 | D:2      | Found a glowing golden altar of the Shining One.
   972 | D:2      | Found a sparkling altar of Nemelex Xobeh.
   976 | D:2      | Became a worshipper of the Shining One
  1017 | D:2      | Gained mutation: Your natural rate of healing is unusually
                  | fast. [Vine Stalker growth]
  1017 | D:2      | Reached XP level 4. HP: 23/23 MP: 5/5
  1026 | D:2      | Reached skill level 4 in Polearms
  1393 | D:2      | Gained mutation: Your flesh is heat resistant. (rF+)
                  | [potion of mutation]
  1393 | D:2      | Gained mutation: You heal very quickly. [potion of
                  | mutation]
  1799 | D:4      | Found a burning altar of Makhleb.
  1804 | D:4      | Reached XP level 5. HP: 25/28 MP: 4/6
  1915 | D:4      | Reached * piety under the Shining One
  1959 | D:4      | Found a shattered altar of Ashenzari.
  1981 | D:4      | Noticed an Executioner
  1985 | D:4      | Found a glowing silver altar of Zin.
  1985 | D:4      | Noticed an angel
  2022 | D:4      | Noticed Menkaure
  2031 | D:4      | Killed Menkaure
  2031 | D:4      | Reached skill level 5 in Polearms
  2031 | D:4      | Reached skill level 1 in Shields
  2031 | D:4      | Reached skill level 1 in Invocations
  2031 | D:4      | Reached XP level 6. HP: 23/32 MP: 7/7
  2198 | D:5      | Entered Level 5 of the Dungeon
  2293 | D:5      | Found a sacrificial altar of Ru.
  2336 | D:5      | Reached XP level 7. HP: 37/37 MP: 9/9
  2386 | D:5      | Found a staircase to the Ecumenical Temple.
  2434 | D:5      | Found a sand-covered staircase.
  2453 | Ossuary  | Entered an ossuary
  2468 | Ossuary  | Reached ** piety under the Shining One
  2475 | Ossuary  | Reached skill level 6 in Polearms
  2560 | Ossuary  | Gained mutation: You have razor-sharp teeth. [Vine Stalker
                  | growth]
  2560 | Ossuary  | Reached XP level 8. HP: 30/42 MP: 8/11
  2590 | Ossuary  | Reached *** piety under the Shining One
  2796 | Ossuary  | Reached skill level 7 in Polearms
  2797 | Ossuary  | Reached **** piety under the Shining One
  3128 | D:5      | Reached skill level 5 in Fighting
  3145 | D:5      | Found a runed gate.
  3145 | D:5      | Found a runed gate.
  3145 | D:5      | Found a runed gate.
  3145 | D:5      | Noticed xpt754's ghost (novice HOFi)
  3175 | D:5      | Killed xpt754's ghost
  3175 | D:5      | Reached XP level 9. HP: 36/47 MP: 10/13
  3633 | D:6      | Noticed Duvessa
  3639 | D:6      | Noticed Dowan
  3647 | D:6      | Killed Duvessa
  3647 | D:6      | Reached skill level 8 in Polearms
  3656 | D:6      | Killed Dowan
  3748 | D:6      | Reached ***** piety under the Shining One
  3787 | D:6      | Found Imuym's Armour Shop.
  3844 | D:6      | Reached skill level 5 in Invocations
  4198 | D:7      | Reached skill level 5 in Shields
  4198 | D:7      | Reached XP level 10. HP: 41/53 MP: 15/15
  4259 | D:7      | Reached skill level 9 in Polearms
  4277 | D:7      | Noticed Pikel
  4281 | D:7      | Found a stormy altar of Qazlal.
  4296 | D:7      | Killed Pikel
  4740 | D:8      | Reached skill level 1 in Armour
  4817 | D:8      | Noticed a two-headed ogre
  4834 | D:8      | Killed a two-headed ogre
  5526 | D:9      | Noticed Erolcha
  5535 | D:9      | Killed Erolcha
  5535 | D:9      | Reached skill level 10 in Polearms
  5535 | D:9      | Reached XP level 11. HP: 35/58 MP: 11/16
  6139 | D:6      | Bought the +2 shield of Resistance {rF+ rC+ MR+} for 411
                  | gold pieces
  6139 | D:6      | Found the +2 shield of Resistance {rF+ rC+ MR+}
  6208 | D:10     | Entered Level 10 of the Dungeon
  6275 | D:10     | Noticed Psyche
  6284 | D:10     | Killed Psyche
  6348 | D:10     | Found a staircase to the Lair.
  6619 | D:10     | Noticed a tengu warrior
  6641 | D:10     | Killed a tengu warrior
  6733 | D:10     | Noticed a two-headed ogre
  6767 | D:10     | Killed a two-headed ogre
  6807 | D:10     | Found a snail-covered altar of Cheibriados.
  7045 | D:11     | Noticed Fannar
  7066 | D:11     | Killed Fannar
  7071 | D:11     | Reached ****** piety under the Shining One
  7115 | D:11     | Noticed a four-headed hydra
  7122 | D:11     | Killed a four-headed hydra
  7242 | D:11     | Mutation became permanent: Your natural rate of healing is
                  | unusually fast. [Vine Stalker growth]
  7242 | D:11     | Gained mutation: You heal very quickly. [Vine Stalker
                  | growth]
  7242 | D:11     | Reached XP level 12. HP: 64/64 MP: 16/18
  7251 | D:11     | Reached skill level 11 in Polearms
  7383 | D:11     | Got a pair of distressingly furry gloves
  7394 | D:11     | Identified the +1 pair of gloves of the Dozen Princes
                  | {rPois Str+3} (You found it on level 11 of the Dungeon)
  7490 | D:11     | Noticed a two-headed ogre
  7513 | D:11     | Killed a two-headed ogre
  7655 | Lair:1   | Entered Level 1 of the Lair of Beasts
  7910 | Lair:1   | Got a shimmering broad axe
  7911 | Lair:1   | Identified the +7 broad axe "Beast's Death Toll"
                  | {antimagic, rPois MR+ Str+2} (You found it on level 1 of
                  | the Lair of Beasts)
  8043 | Lair:1   | Noticed a four-headed hydra
  8050 | Lair:1   | Killed a four-headed hydra
  8050 | Lair:1   | Reached skill level 5 in Dodging
  8243 | Lair:1   | Noticed a five-headed hydra
  8250 | Lair:1   | Killed a five-headed hydra
  8444 | Lair:2   | Noticed an eight-headed hydra
  8463 | Lair:2   | HP: 3/65 [eight-headed hydra (8)]
  8463 | Lair:2   | Mangled by an eight-headed hydra

Skill      XL: |  1  2  3  4  5  6  7  8  9 10 11 12 |
---------------+-------------------------------------+-----
Polearms       | 3 4 5 6 7 8 10 11 | 11.5
Fighting       | 2 3 4 5 6 7 8 |  8.2
Shields        | 1 2 3 5 6 7 |  7.4
Invocations    | 1 2 4 5 6 7 8 |  8.1
Armour         | 2 3 4 |  4.3
Dodging        | 3 4 5 |  5.1
Throwing       | |  1.7

Action                   |  1- 3 |  4- 6 |  7- 9 | 10-12 || total
-------------------------+-------+-------+-------+-------++-------
Melee: Trident           |    91 |   148 |   477 |   650 ||  1366
       Bite              |    13 |    35 |   170 |   253 ||   471
Evoke: Wand              |       |       |       |     2 ||     2
  Use: Scroll            |     2 |     8 |     6 |     8 ||    24
       Potion            |       |     1 |       |     1 ||     2
 Stab: Sleeping          |     1 |       |       |       ||     1
  Eat: Ration            |       |     3 |     2 |     4 ||     9
Armor: Leather armour    |    25 |    55 |   117 |   102 ||   299
Dodge: Dodged            |    35 |    66 |   164 |   181 ||   446
       Deflected         |       |       |     2 |    11 ||    13
Block: Shield            |       |     3 |   199 |   269 ||   471
